 Dungeon Crawl Stone Soup version 0.20.0-8-g6b59dc7 (webtiles) character file.

116 Jumanji the Cudgeler (level 4, -6/41 HPs)
             Began as a Minotaur Fighter on May 30, 2017.
             Killed from afar by Sigmund (8 damage)
             ... with a puff of flame
             ... on level 3 of the Dungeon.
             The game lasted 00:05:20 (1762 turns).

Jumanji the Cudgeler (Minotaur Fighter)             Turns: 1762, Time: 00:05:21

Health: -6/41      AC:  6    Str: 20    XL:     4   Next: 70%
Magic:  3/3        EV:  7    Int:  5    God:
Gold:   234        SH:  9    Dex: 11    Spells: 3/3 levels left

rFire    . . .     SeeInvis .   a - +0 flail
rCold    . . .     Gourm    .   c - +0 shield
rNeg     . . .     Faith    .   b - +0 scale mail
rPois    .         Spirit   .   (helmet restricted)
rElec    .         Reflect  .   (no cloak)
rCorr    .         Harm     .   (no gloves)
MR       .....                  (no boots)
Stlth    ..........             (no amulet)
Regen    0.2/turn               (no ring)
MPRegen  0.1/turn               (no ring)

@: very slow
A: retaliatory headbutt, horns 2
a: no special abilities


You were on level 3 of the Dungeon.
You were not hungry.

You visited 1 branch of the dungeon, and saw 3 of its levels.

You collected 234 gold pieces.

Inventory:

Hand Weapons
 a - a +0 flail (weapon)
Armour
 b - a +0 scale mail (worn)
 c - a +0 shield (worn)
Jewellery
 u - a +3 ring of intelligence {unknown}
 w - an uncursed ring of protection from fire {unknown}
Wands
 v - a wand of iceblast (11/15)
Scrolls
 e - a scroll of recharging {unknown}
 g - 3 scrolls of identify {unknown}
 i - 5 scrolls of amnesia {unknown}
 k - 2 scrolls of blinking {unknown}
 n - a scroll of fear {unknown}
 q - 3 scrolls of teleportation {unknown}
 s - 2 scrolls of magic mapping {unknown}
 t - a scroll of random uselessness {unknown}
Potions
 d - a potion of might
 h - a potion of flight {unknown}
 l - a potion of agility {unknown}
 m - a potion of degeneration {unknown}
 p - a potion of heal wounds {unknown}
 r - 2 potions of curing {unknown}
Comestibles
 f - 3 bread rations
 j - a meat ration
 o - 2 chunks of flesh


   Skills:
 + Level 4.7 Fighting
 * Level 5.2 Maces & Flails
 - Level 3.6 Armour
 - Level 3.6 Shields


You had 3 spell levels left.
You didn't know any spells.

Dungeon Overview and Level Annotations

Branches:
Dungeon (3/15)

Altars:
Ashenzari

Portals:
Sewer: D:3

Annotations:
D:3 Sigmund


Innate Abilities, Weirdness & Mutations

You reflexively headbutt those who attack you in melee.
You have a pair of horns on your head.


Message History

* * * LOW HITPOINT WARNING * * *
You hit the worm.
The worm is moderately wounded.
You are engulfed in a cloud of scalding steam.
* * * LOW HITPOINT WARNING * * *
Sigmund gestures at you while chanting. The magic dart hits you!
* * * LOW HITPOINT WARNING * * *
The worm bites you but does no damage.
You hit the worm.
The worm is moderately wounded.
You are engulfed in a cloud of scalding steam.
Sigmund screams, "Don't try to resist!"
Sigmund splashes around in the water.
The worm bites you.
* * * LOW HITPOINT WARNING * * *
You sock the worm!
The worm is severely wounded.
Sigmund gestures at you while chanting. The puff of flame hits you!
You die...

#..........###
#.######.....#
#.#...###
#.....≈##
#....≈≈##
#...#≈≈###
......#§@#
###...#§≈#
....##@≈#
..####∩w≈# ..
≈≈≈≈≈≈.#
≈≈≈≈≈≈≈..#
≈≈#####.≈.# #
#####


You could see Sigmund and a worm.

Vanquished Creatures
  Terence (D:3)
  4 adders
  A worm (D:2)
  A dart slug (D:1)
  2 leopard geckos
  An orc (D:3)
  3 bats
  8 goblins
  5 hobgoblins
  4 jackals (D:1)
  A quokka (D:2)
  4 frilled lizards
  4 kobolds (D:1)
  11 rats
50 creatures vanquished.

Notes
Turn   | Place    | Note
-------+----------+-------------------------------------------
     0 | D:1      | Jumanji the Minotaur Fighter began the quest for the Orb.
     0 | D:1      | Reached XP level 1. HP: 19/19 MP: 0/0
    66 | D:1      | Reached skill level 3 in Maces & Flails
    80 | D:1      | Reached XP level 2. HP: 25/27 MP: 1/1
   337 | D:1      | Reached XP level 3. HP: 33/33 MP: 2/2
   492 | D:1      | Reached skill level 4 in Maces & Flails
   975 | D:2      | Found a shattered altar of Ashenzari.
  1171 | D:2      | Reached XP level 4. HP: 41/41 MP: 3/3
  1216 | D:3      | Noticed Terence
  1229 | D:3      | Killed Terence
  1368 | D:3      | Reached skill level 5 in Maces & Flails
  1750 | D:3      | Noticed Sigmund
  1751 | D:3      | Found a glowing drain.
  1761 | D:3      | HP: 2/41 [worm (2)]
  1762 | D:3      | Killed from afar by Sigmund

Skill      XL: |  1  2  3  4 |
---------------+-------------+-----
Maces & Flails | 3 4 5 |  5.2
Fighting       | 4 |  4.7
Armour         | |  3.6
Shields        | |  3.6

Action                   |  1- 3 |  4- 6 || total
-------------------------+-------+-------++-------
Melee: Flail             |    90 |    33 ||   123
       Headbutt          |    13 |     5 ||    18
  Eat: Chunk             |     1 |     2 ||     3
Armor: Scale mail        |    45 |    18 ||    63
Dodge: Dodged            |    26 |     5 ||    31
Block: Shield            |    52 |    14 ||    66
